 Dungeon Crawl Stone Soup version 0.27.1 (webtiles) character file.

Game seed: 13178748702990362928

1271 ZARRMARR the Changer (level 8, -11/48 HPs)
             Began as an Octopode Transmuter on Sept 4, 2021.
             Was an Initiate of Sif Muna.
             Mangled by an ice beast (12 damage)
             ... on level 6 of the Dungeon.
             The game lasted 00:22:08 (7157 turns).

ZARRMARR the Changer (Octopode Transmuter)          Turns: 7157, Time: 00:22:08

Health: -11/48     AC:  1    Str:  9    XL:     8   Next: 53%
Magic:  16/16      EV: 13    Int: 18    God:    Sif Muna [......]
Gold:   139        SH:  0    Dex: 12    Spells: 16/17 levels left

rFire    . . .     SeeInvis +     - Unarmed
rCold    . . .     Faith    .   (no shield)
rNeg     . . .     Spirit   .   (helmet currently unavailable)
rPois    .         Reflect  .   (no amulet)
rElec    .         Harm     .   a - ring "Bienetzuggi" {Slay+2 SInv}
rCorr    .         Rampage  .   (no ring)
Will     .....                  (no ring)
Stlth    ++........             (no ring)
HPRegen  0.16/turn              (no ring)
MPRegen  0.15/turn              (no ring)
                                (no ring)
                                (no ring)

@: appendages, studying Short Blades
A: tentacle spike 3, almost no armour, amphibious, 8 rings, camouflage 1,
gelatinous body 1, (nimble swimmer 1), tentacles
a: End Transformation, Renounce Religion


You were on level 6 of the Dungeon.
You worshipped Sif Muna.
Sif Muna was noncommittal.
One of your tentacles had grown a beastly spike.
You visited 2 branches of the dungeon, and saw 7 of its levels.

You collected 139 gold pieces.

Inventory:

Jewellery
 a - the ring "Bienetzuggi" (left tentacle) {Slay+2 SInv}
   (You acquired it on level 1 of the Dungeon)

   [ring of see invisible]

   Slay:      It affects your accuracy & damage with ranged weapons and melee
   (+2).
   SInv:      It lets you see invisible.
Scrolls
 d - 3 scrolls of teleportation
 e - 3 scrolls of amnesia {unknown}
 f - 2 scrolls of blinking {unknown}
 i - a scroll of enchant weapon {unknown}
 j - a scroll of magic mapping {unknown}
 l - a scroll of vulnerability {unknown}
Potions
 b - a potion of brilliance
 c - 2 potions of ambrosia {unknown}
 g - 3 potions of attraction
 h - 2 potions of lignification {unknown}
 k - 2 potions of mutation {unknown}


   Skills:
 - Level 1.0 Fighting
 - Level 2.0 Dodging
 - Level 4.0 Unarmed Combat
 + Level 5.3 Spellcasting
 + Level 5.3 Necromancy
 + Level 5.9 Transmutations


You had 16 spell levels left.
You knew the following spells:

 Your Spells              Type           Power      Damage    Failure   Level
a - Beastly Appendage     Tmut           52%        N/A       1%          1

Your spell library contained the following spells:

 Spells                   Type           Power      Damage    Failure   Level
 Wereblood                Tmut           26%        N/A       1%          2
 Spider Form              Tmut/Pois      7%         N/A       12%         3
 Magic Dart               Conj           16%        1d3       13%         1
 Call Imp                 Summ           4%         N/A       19%         2
 Static Discharge         Conj/Air       4%         N/A       19%         2
 Mephitic Cloud           Conj/Pois/Air  4%         N/A       36%         3
 Ice Form                 Ice/Tmut       15%        N/A       36%         4
 Lightning Bolt           Conj/Air       2%         1d13      98%         5
 Maxwell's Capacitive Co  Air            2%         ∞         100%        8


Dungeon Overview and Level Annotations

Branches:
Dungeon (6/15)             Temple (1/1) D:4

Altars:
Ashenzari
Cheibriados
Dithmenos
Elyvilon
Gozag
Hepliaklqana
Kikubaaqudgha
Makhleb
Nemelex Xobeh
Okawaru
Qazlal
Ru
Sif Muna
Trog
Uskayaw
Vehumet
Wu Jian
Xom
Yredelemnul
Zin
The Shining One

Shops:
D:1 :   D:3 !


Innate Abilities, Weirdness & Mutations

One of your tentacles has grown a beastly spike.
You cannot wear most types of armour.
You are amphibious.
You can wear up to eight rings at the same time.
Your skin changes colour to match your surroundings (Stealth+).
Your rubbery body absorbs attacks. (AC +1, EV +1)
((You are camouflaged near water. (Stealth+)))
You have tentacles for arms and can constrict up to eight enemies at once.


Message History

Search for what [Enter for "shortblade", or ? for help]? short Unknown command.
Unknown command.
Casting: Beastly Appendage (safe; 1% risk of failure)
Confirm with . or Enter, or press ? or * to list all spells.
One of your tentacles grows a vicious spike.
An ice beast comes into view.
You see here a +0 spear.
Unknown command.
Casting: Beastly Appendage (safe; 1% risk of failure)
Confirm with . or Enter, or press ? or * to list all spells.
You extend your transformation's duration.
You tentacle-slap the ice beast.
The ice beast is moderately wounded.
The ice beast hits you. The ice beast freezes you!
You tentacle-slap the ice beast.
The ice beast is moderately wounded.
The ice beast closely misses you.
You barely miss the ice beast. Your squeeze misses the ice beast.
The ice beast is moderately wounded.
The ice beast hits you. The ice beast freezes you.
You tentacle-slap the ice beast.
The ice beast is heavily wounded.
The ice beast closely misses you.
You tentacle-slap the ice beast.
The ice beast is heavily wounded.
The ice beast hits you. The ice beast freezes you!
You tentacle-slap the ice beast.
You pierce the ice beast.
You squeeze the ice beast.
The ice beast is almost dead.
You closely miss the ice beast.
You pierce the ice beast.
The ice beast is almost dead.
The ice beast hits you. The ice beast freezes you!
* * * LOW HITPOINT WARNING * * *
You closely miss the ice beast.
The ice beast is almost dead.
The ice beast hits you.
* * * LOW HITPOINT WARNING * * *
The ice beast freezes you!
You die...

#.#####.# ##
#.......# ..
#.#...### h #.....#
#. #.#...# ##.###
#.##.## #....# #.##.#
#.##.#.########.##.#
............).Y@..#.#
.#.##.#.########.##.#
#....# ####.# ##.###
..# #. ### #


You could see an ice beast.

Vanquished Creatures
  A centaur zombie (D:5)
  A wraith (D:5)
  A sky beast (D:6)
  A scorpion (D:4)
  2 water moccasin skeletons
  A bullfrog zombie (D:5)
  4 hounds
  A jelly (D:5)
  A scorpion zombie (D:5)
  2 iguanas (D:5)
  Natasha (twice) (D:2)
  A hound zombie (D:5)
  2 hound skeletons (D:4)
  2 howler monkey zombies (D:5)
  A gnoll (D:6)
  7 adders
  A shadow imp (D:6)
  An adder zombie (D:5)
  A worm (D:3)
  6 dart slugs
  3 orcs (D:3)
  4 bats
  8 endoplasms
  3 giant cockroaches
  6 goblins
  6 hobgoblins
  7 jackals
  A quokka (D:1)
  4 ball pythons
  4 frilled lizards
  5 kobolds
  3 rats (D:1)
93 creatures vanquished.

Notes
Turn   | Place    | Note
-------+----------+-------------------------------------------
     0 | D:1      | ZARRMARR the Octopode Transmuter began the quest for the
                  | Orb.
     0 | D:1      | Reached XP level 1. HP: 13/13 MP: 3/3
    97 | D:1      | You fall into a shaft and drop 1 floor!
   282 | D:1      | Reached XP level 2. HP: 16/18 MP: 3/5
   593 | D:1      | Found Amul's Book Emporium.
   632 | D:1      | Reached XP level 3. HP: 21/23 MP: 4/6
  1114 | D:1      | Found a faded altar of an unknown god.
  1490 | D:1      | Identified a scroll of acquirement
  1493 | D:1      | Acquired the ring "Bienetzuggi" {Slay+2 SInv}
  1535 | D:2      | Reached skill level 1 in Necromancy
  1580 | D:2      | Noticed Natasha
  1587 | D:2      | Killed Natasha
  1588 | D:2      | Reached XP level 4. HP: 21/28 MP: 5/7
  2103 | D:2      | Noticed Natasha
  2109 | D:2      | Killed Natasha
  2457 | D:3      | Reached XP level 5. HP: 24/33 MP: 9/9
  2908 | D:3      | Found Teuts's Distillery.
  3716 | D:4      | Found a staircase to the Ecumenical Temple.
  3724 | Temple   | Entered the Ecumenical Temple
  4122 | Temple   | Became a worshipper of Sif Muna the Loreminder
  4172 | D:4      | Reached XP level 6. HP: 34/38 MP: 9/11
  4886 | D:5      | Entered Level 5 of the Dungeon
  5079 | D:5      | Reached XP level 7. HP: 9/43 MP: 12/12
  5395 | D:5      | Reached skill level 5 in Transmutations
  5400 | D:5      | Reached XP level 8. HP: 7/48 MP: 13/15
  5709 | D:5      | Noticed a wraith
  6497 | D:5      | Killed a wraith
  6498 | D:5      | Reached skill level 5 in Spellcasting
  6498 | D:5      | Reached skill level 5 in Necromancy
  7157 | D:6      | HP: 1/48 [ice beast (3)]
  7157 | D:6      | Mangled by an ice beast

Illustrated notes

Levels and vault maps discovered:
D:1:      lightli_iron_boxes, layout_basic,
          ebering_ecumenical_altar_sacrificial, serial_shops, shop_statue
D:2:      layout_loops_corners, minmay_misc_feat_tower,
          minmay_misc_feat_ornament, uniq_natasha
D:3:      layout_loops_ring, serial_shops, nicolae_shop_statue_plus,
          wad_floor_pattern_untrapped
D:4:      layout_basic, minmay_temple_entry_gardened_gates
D:5:      layout_basic, minmay_manual_mandibuliform
D:6:      minmay_spotlight, layout_loops_ring, serial_shops, shop_statue,
          due_unseen_surprise
Temple:   compressed_dpeg_triangle_lava_temple

Skill      XL: |  1  2  3  4  5  6  7  8 |
---------------+-------------------------+-----
Unarmed Combat | 4 |  4.0
Necromancy     | 1 2 3 4 5 |  5.3
Transmutations | 3 4 5 |  5.9
Spellcasting   | 3 4 5 |  5.3
Fighting       | |  1.0
Dodging        | |  2.0

Action                   |  1- 3 |  4- 6 |  7- 9 || total
-------------------------+-------+-------+-------++-------
Melee: Unarmed           |    63 |   109 |    83 ||   255
       Kick              |    15 |    24 |    20 ||    59
       Constrict         |    17 |    32 |    10 ||    59
       Tentacles         |     8 |    20 |    17 ||    45
       Punch             |     3 |     4 |     2 ||     9
 Cast: Beastly Appendage |    23 |    32 |    14 ||    69
  Use: Scroll            |     3 |     4 |       ||     7
       Potion            |       |       |     2 ||     2
 Stab: Sleeping          |     3 |     7 |       ||    10
Armor: Skin              |     6 |     3 |     5 ||    14
Dodge: Dodged            |    25 |    47 |    38 ||   110
